 Dungeon Sprint DCSS version 0.26-a0-661-g406de6ba63 (webtiles) character file.

Game seed: 10223418121398179018

986 sahdkjhfkaj the Arsonist (level 7, -2/36 HPs)
             Began as a Deep Elf Fire Elementalist on Oct 8, 2020.
             Was an Initiate of Vehumet.
             Slain by a deep troll (18 damage)
             ... in the Dungeon (Sprint I: "Red Sonja").
             The game lasted 00:01:25 (637 turns).

sahdkjhfkaj the Arsonist (DEFE)                      Turns: 637, Time: 00:01:26

Health: -2/36      AC:  2    Str:  5    XL:     7   Next: 97%
Magic:  9/23       EV: 13    Int: 22    God:    Vehumet [......]
Gold:   405        SH:  0    Dex: 15    Spells: 17/27 levels left

rFire    . . .     SeeInvis .   k - +1 short sword (venom)
rCold    . . .     Faith    .   (no shield)
rNeg     . . .     Spirit   .   a - +0 robe
rPois    .         Reflect  .   (no helmet)
rElec    .         Harm     .   (no cloak)
rCorr    .         Rampage  .   (no gloves)
MR       .....     NoTele   +   (no boots)
Stlth    ++........             (no amulet)
HPRegen  0.12/turn              (no ring)
MPRegen  0.18/turn              (no ring)

@: no status effects
A: no striking features
a: Renounce Religion


You were in the Dungeon.
You worshipped Vehumet.
Vehumet was noncommittal.
You visited 1 branch You collected 405 gold pieces.

Inventory:

Hand Weapons
 k - a +1 short sword of venom (weapon)
Missiles
 l - 6 curare-tipped darts (quivered)
Armour
 a - a +0 robe (worn)
Wands
 b - a wand of polymorph (13)
Scrolls
 g - a scroll of remove curse {unknown}
 h - a scroll of blinking
Potions
 c - a potion of curing
 d - a potion of heal wounds
 e - a potion of haste
 f - 2 potions of magic
 i - a potion of stabbing {unknown}
 j - 2 potions of might {unknown}


   Skills:
 - Level 2.4 Dodging
 - Level 2.4 Stealth
 + Level 10.5 Spellcasting
 * Level 11.9 Conjurations
 * Level 12.2 Fire Magic


You had 17 spell levels left.
You knew the following spells:

 Your Spells              Type           Power        Failure   Level
a - Foxfire               Conj/Fire      ####         1%          1
f - Fireball              Conj/Fire      ######....   1%          5
s - Sticky Flame          Conj/Fire      ######..     1%          4

Your spell library contained the following spells:

 Spells                   Type           Power        Failure   Level
 Conjure Flame            Conj/Fire      ######..     1%          3
 Inner Flame              Hex/Fire       #####...     1%          3


Dungeon Overview and Level Annotations

Branches:
Dungeon (1/1)

Altars:
Cheibriados
Dithmenos
Elyvilon
Fedhas
Gozag
Hepliaklqana
Kikubaaqudgha
Nemelex Xobeh
Okawaru
Qazlal
Ru
Sif Muna
Trog
Uskayaw
Vehumet
Wu Jian
Yredelemnul
Zin
The Shining One

Shops:
D ??


Message History

Press: ? - help, Shift-Dir - straight line, f/p - deep troll
Aim: a deep troll (moderately wounded)
The fireball explodes!
The fireball engulfs the deep troll!
The deep troll is heavily wounded.
Unknown command.
Unknown command.
Unknown command.
Casting: Fireball (dangerous; 1% risk of failure)
Confirm with . or Enter, or press ? or * to list all spells.
Aiming: Sticky Flame (safe; 1% risk of failure)
Press: ? - help, Shift-Dir - straight line, f/p - deep troll
Aim: a deep troll (heavily wounded)
The sticky flame hits the deep troll!
The deep troll is severely wounded.
The deep troll is covered in liquid flames!
The deep troll burns!
The deep troll bites you!!
Ouch! That really hurt!
The deep troll claws you!!
Ouch! That really hurt!
You die...

#..#####'#####'#
#..####..#...#.#
#..#__####..##.#
#..#_____##'#_.+
#⌠⌠#_.∩...'..._#
####_..__##_.#'#
#_____###'#.#
############.####+###
#∩........'..@T$$.$$+
###++++####...#######
##.## #+#


You could see a deep troll (burning).

Vanquished Creatures
  Sonja (D)
  Sigmund (D)
  A yak (D)
  An ogre (D)
  A jelly (D)
  Ijyb (D)
6 creatures vanquished.

Vanquished Creatures (others)
  26 foxfires (D)
26 creatures vanquished.

Grand Total: 32 creatures vanquished

Notes
Turn   | Place    | Note
-------+----------+-------------------------------------------
     0 | D        | sahdkjhfkaj the Deep Elf Fire Elementalist began the quest
                  | for the Orb.
     0 | D        | Reached XP level 1. HP: 10/10 MP: 6/6
     1 | D        | Noticed Ijyb
     8 | D        | Killed Ijyb
     8 | D        | Reached skill level 5 in Fire Magic
     8 | D        | Reached XP level 2. HP: 15/15 MP: 0/9
    78 | D        | Noticed an ogre
    84 | D        | Killed an ogre
    84 | D        | Reached skill level 7 in Fire Magic
    84 | D        | Reached XP level 3. HP: 14/19 MP: 3/12
    84 | D        | Reached XP level 4. HP: 17/24 MP: 3/14
   166 | D        | Learned a level 4 spell: Sticky Flame
   176 | D        | Noticed Sigmund
   188 | D        | Killed Sigmund
   188 | D        | Reached skill level 9 in Fire Magic
   188 | D        | Reached XP level 5. HP: 18/28 MP: 5/17
   188 | D        | Reached XP level 6. HP: 21/32 MP: 5/18
   381 | D        | Learned a level 5 spell: Fireball
   381 | D        | Found an ornate altar of the Wu Jian Council.
   381 | D        | Found a shimmering blue altar of Sif Muna.
   383 | D        | Found a radiant altar of Vehumet.
   443 | D        | Became a worshipper of Vehumet
   445 | D        | Found Viroen's Magic Scroll Emporium.
   445 | D        | Found an ancient bone altar of Kikubaaqudgha.
   445 | D        | Found a hazy altar of Hepliaklqana.
   445 | D        | Found a stormy altar of Qazlal.
   445 | D        | Found a hide-covered altar of Uskayaw.
   445 | D        | Found a blossoming altar of Fedhas.
   445 | D        | Found a bloodstained altar of Trog.
   445 | D        | Found an iron altar of Okawaru.
   445 | D        | Found a basalt altar of Yredelemnul.
   445 | D        | Found a glowing golden altar of the Shining One.
   445 | D        | Found a snail-covered altar of Cheibriados.
   445 | D        | Found a sacrificial altar of Ru.
   445 | D        | Found a glowing silver altar of Zin.
   445 | D        | Found a shadowy altar of Dithmenos.
   445 | D        | Found a white marble altar of Elyvilon.
   445 | D        | Noticed a yak
   449 | D        | Killed a yak
   449 | D        | Reached skill level 10 in Conjurations
   449 | D        | Reached skill level 10 in Fire Magic
   511 | D        | Found an opulent altar of Gozag.
   512 | D        | Found a sparkling altar of Nemelex Xobeh.
   523 | D        | Noticed Sonja
   525 | D        | Killed Sonja
   525 | D        | Reached skill level 10 in Spellcasting
   525 | D        | Reached skill level 12 in Fire Magic
   525 | D        | Reached XP level 7. HP: 36/36 MP: 10/23
   614 | D        | Found Upuhyuce's Magic Scroll Boutique.
   634 | D        | Noticed a deep troll
   637 | D        | Slain by a deep troll

Illustrated notes

Levels and vault maps discovered:
D:        dungeon_sprint_1 [red_sonja_temple_1, red_sonja_temple_small_1]

Skill      XL: |  1  2  3  4  5  6 |
---------------+-------------------+-----
Spellcasting   | 4 6 7 10 | 10.5
Conjurations   | 4 6 8 11 | 11.9
Fire Magic     | 5 7 9 12 | 12.2
Dodging        | |  2.4
Stealth        | |  2.4

Action                   |  1- 3 |  4- 6 |  7- 9 || total
-------------------------+-------+-------+-------++-------
 Cast: Foxfire           |    11 |     6 |       ||    17
       Sticky Flame      |       |     3 |     1 ||     4
       Fireball          |       |     3 |     2 ||     5
  Use: Potion            |     1 |       |       ||     1
Dodge: Dodged            |     3 |     5 |       ||     8

Table legend: (Time is in decaauts)
 A = Elapsed time spent in this place.
 B = Non-inter-level travel time spent in this place.
 C = Inter-level travel time spent in this place.
 D = Time resting spent in this place.
 E = Time spent auto-exploring this place.
 F = Levels seen in this place.
 G = Mean time per level.
                   A        B        C        D        E       F      G
               +--------+--------+--------+--------+--------+-----+--------+
         Total |    647 |    647 |      0 |    478 |      1 |   1 |  647.0 |
       Dungeon |    647 |    647 |      0 |    478 |      1 |   1 |  647.0 |
               +--------+--------+--------+--------+--------+-----+--------+

Top non-repeatable levels by time:
       D: 647 daAuts
